 Dungeon Crawl Stone Soup version 0.22-a0-580-gd5db89c09a (webtiles) character file.

2740 Hibernaculum the Changer (level 9, 0/87 (88) HPs)
             Began as an Ogre Transmuter on July 2, 2018.
             Was a Priest of Okawaru.
             Slain by a gnoll
             ... wielding a +0 club
              (5 damage)
             ... on level 7 of the Dungeon.
             The game lasted 00:19:16 (7469 turns).

Hibernaculum the Changer (Ogre Transmuter)          Turns: 7469, Time: 00:19:17

HP:   0/87 (88)     AC: 11    Str: 16    XL:     9   Next: 68%
MP:   16/16         EV: 12    Int: 14    God:    Okawaru [***...]
Gold: 394           SH:  0    Dex: 12    Spells: 8/18 levels left

rFire    . . .     SeeInvis .     - Unarmed
rCold    . . .     Gourm    .   (no shield)
rNeg     . . .     Faith    .   b - +0 robe
rPois    .         Spirit   .   (helmet restricted)
rElec    .         Reflect  .   p - +2 cloak
rCorr    .         Harm     .   (gloves unavailable)
MR       .....     Rnd*Tele +   (boots unavailable)
Stlth    +.........             (no amulet)
HPRegen  0.24/turn              m - +5 ring of protection
MPRegen  0.15/turn              f - ring of teleportation (curse)

@: no status effects
A: large, unfitting armour, tough skin 1
a: Heroism, Renounce Religion


You were on level 7 of the Dungeon.
You worshipped Okawaru.
Okawaru was most pleased with you.
You were not hungry.

You visited 2 branches of the dungeon, and saw 8 of its levels.

You collected 394 gold pieces.

Inventory:

Missiles
 a - 74 arrows
 A - 2 throwing nets (quivered)
Armour
 b - a +0 robe (worn)
 p - a +2 cloak (worn)
Jewellery
 f - a cursed ring of teleportation (right hand)
 m - a +5 ring of protection (left hand)
 o - a +4 ring of intelligence
 s - a +3 ring of evasion
 y - an uncursed ring of ice {unknown}
Wands
 c - a wand of flame (71)
 q - a wand of random effects (30)
 w - a wand of iceblast (3)
Scrolls
 e - 6 scrolls of identify
 h - 3 scrolls of teleportation
 j - 3 scrolls of magic mapping
 v - 3 scrolls of immolation
 x - a scroll of amnesia
 z - a scroll of enchant armour
Potions
 g - a potion of might
 i - a potion of cancellation {unknown}
 k - a potion of heal wounds {unknown}
 l - a potion of ambrosia
 n - 2 potions of lignification {unknown}
 r - a potion of curing
 t - 3 potions of flight
Comestibles
 d - 14 rations
 u - 9 chunks of flesh


   Skills:
 - Level 5.0 Fighting
 - Level 3.0 Armour
 - Level 5.2 Dodging
 - Level 5.1 Unarmed Combat
 - Level 5.1 Spellcasting
 - Level 6.0 Transmutations
 + Level 2.7 Ice Magic
 - Level 2.0 Poison Magic
 - Level 3.2 Invocations


You had 8 spell levels left.
You knew the following spells:

 Your Spells              Type           Power        Failure   Level  Hunger
a - Beastly Appendage     Tmut           ###...       1%          1    None
b - Sticks to Snakes      Tmut           ###.....     2%          2    ##.....
c - Spider Form           Tmut/Pois      ##........   10%         3    ###....
d - Ice Form              Ice/Tmut       ###.....     28%         4    ####...

Your spell library contained the following spells:

 Spells                   Type           Power        Failure   Level  Hunger
 Apportation              Tloc           #.....       17%         1    None
 Summon Small Mammal      Summ           #...         17%         1    None
 Animate Dead             Necr           N/A          86%         4    ####...
 Pain                     Necr           #...         17%         1    None
 Animate Skeleton         Necr           N/A          17%         1    None
 Vampiric Draining        Necr           #.........   45%         3    ###....
 Regeneration             Chrm/Necr      #.........   45%         3    ###....
 Blade Hands              Tmut           ###.......   38%         5    ######.
 Confusing Touch          Hex            #.....       17%         1    None


Dungeon Overview and Level Annotations

Branches:
Dungeon (7/15)             Temple (1/1) D:5

Altars:
Ashenzari
Cheibriados
Dithmenos
Elyvilon
Fedhas
Gozag
Hepliaklqana
Kikubaaqudgha
Makhleb
Nemelex Xobeh
Okawaru
Qazlal
Sif Muna
Trog
Uskayaw
Wu Jian
Xom
Yredelemnul
Zin
The Shining One

Annotations:
D:6 Menkaure


Innate Abilities, Weirdness & Mutations

You are too large for most types of armour.
You have tough skin. (AC +1)


Message History

Found 24 stones.
The gnoll hits you from afar with a spear!
* * * LOW HITPOINT WARNING * * *
You see here 10 gold pieces.
You now have 394 gold pieces (gained 10).
The gnoll completely misses you. The gnoll closely misses you.
You open the door. The gnoll barely misses you. The gnoll closely misses you.
The gnoll misses you.
Your transformation has ended.
Your +2 cloak unmelds from your body.
Your +0 robe unmelds from your body.
There is an open door here.
The gnoll closely misses you.
A hippogriff comes into view.
The gnoll completely misses you.
The hippogriff moves out of view.
The gnoll hits you but does no damage. The gnoll hits you but does no damage.
The gnoll hits you with a club.
* * * LOW HITPOINT WARNING * * *
The gnoll hits you with a club.
You die...

#....................# #
#............)...#...####
#............#...#.......
#(...........#...#.......
#............#...#.......
#...##.......#####.......
######.......# #.......
#.>.....# #....... #.
#..@....### #....... #..
#..g....... ..####..
#...##.......... #.
#........+#.....
.........+ .....
####....g# ..... ..
#.....####### ...
#....g.....####...
#...............#


You could see a gnoll shaman and 2 gnolls.

Vanquished Creatures
  A hippogriff (D:7)
  Grinder (D:4)
  Sigmund (D:6)
  Duvessa (D:6)
  2 orc warriors (D:6)
  A phantom (D:7)
  A sky beast (D:5)
  4 ogres
  A necrophage (D:6)
  A crocodile (D:7)
  3 bullfrogs
  Dowan (D:6)
  3 scorpions
  3 crimson imps (D:6)
  A bullfrog zombie (D:4)
  2 orc priests
  3 hounds
  A jelly (D:5)
  A centaur skeleton (D:6)
  Jessica (D:3)
  An iguana (D:5)
  Terence (D:2)
  2 orc wizards
  2 worker ants
  A hound zombie (D:4)
  9 gnolls
  7 adders
  A shadow imp (D:3)
  An adder zombie (D:4)
  4 worms
  2 dart slugs
  5 leopard geckos
  12 orcs
  A ball python (D:3)
  4 giant cockroaches
  9 goblins
  5 hobgoblins
  9 jackals
  3 quokkas
  13 bats
  5 frilled lizards
  A giant cockroach zombie (D:4)
  A jackal skeleton (D:4)
  4 kobolds
  A quokka skeleton (D:4)
  2 quokka zombies (D:4)
  9 rats
148 creatures vanquished.

Vanquished Creatures (others)
  A quokka (D:6)
1 creature vanquished.

Grand Total: 149 creatures vanquished

Notes
Turn   | Place    | Note
-------+----------+-------------------------------------------
     0 | D:1      | Hibernaculum the Ogre Transmuter began the quest for the Orb.
     0 | D:1      | Reached XP level 1. HP: 19/19 MP: 3/3
    84 | D:1      | Reached skill level 2 in Transmutations
   110 | D:1      | Reached XP level 2. HP: 24/27 MP: 3/5
   403 | D:1      | Reached XP level 3. HP: 30/33 MP: 5/7
   656 | D:2      | You fall through a shaft!
   932 | D:3      | Reached XP level 4. HP: 26/41 MP: 8/8
  1078 | D:2      | Noticed Jessica
  1089 | D:3      | Killed Jessica
  1089 | D:3      | Reached skill level 3 in Transmutations
  1213 | D:3      | Learned a level 2 spell: Sticks to Snakes
  1217 | D:3      | Learned a level 3 spell: Spider Form
  1366 | D:2      | Noticed Terence
  1629 | D:2      | Killed Terence
  1629 | D:2      | Reached skill level 1 in Poison Magic
  1629 | D:2      | Reached XP level 5. HP: 41/48 MP: 9/9
  3346 | D:4      | Noticed Grinder
  3355 | D:4      | Paralysed by Grinder for 4 turns
  3610 | D:3      | Reached XP level 6. HP: 47/55 MP: 7/10
  3770 | D:4      | Killed Grinder
  3770 | D:4      | Reached skill level 5 in Unarmed Combat
  3770 | D:4      | Reached XP level 7. HP: 59/68 MP: 8/11
  3804 | D:4      | Learned a level 4 spell: Ice Form
  4002 | D:4      | Reached skill level 5 in Fighting
  4263 | D:4      | Reached skill level 1 in Armour
  4472 | D:5      | Entered Level 5 of the Dungeon
  4601 | D:5      | Found a staircase to the Ecumenical Temple.
  4664 | Temple   | Entered the Ecumenical Temple
  4786 | Temple   | Became a worshipper of Warmaster Okawaru
  4923 | D:5      | Reached XP level 8. HP: 51/80 MP: 8/12
  5439 | D:5      | Found a hazy altar of Hepliaklqana.
  5611 | D:5      | Found a glowing silver altar of Zin.
  5740 | D:6      | Noticed Sigmund
  5767 | D:6      | Killed Sigmund
  5767 | D:6      | Reached * piety under Okawaru
  5890 | D:6      | Found a white marble altar of Elyvilon.
  5921 | D:6      | Noticed Duvessa
  5921 | D:6      | Noticed Dowan
  5927 | D:6      | Reached skill level 4 in Transmutations
  6045 | D:6      | Killed Duvessa
  6045 | D:6      | Reached skill level 5 in Dodging
  6048 | D:6      | Killed Dowan
  6327 | D:6      | Reached skill level 5 in Transmutations
  6358 | D:6      | Reached ** piety under Okawaru
  6439 | D:6      | Reached XP level 9. HP: 85/88 MP: 9/13
  6455 | D:6      | Noticed Menkaure
  6521 | D:6      | Reached skill level 1 in Invocations
  6775 | D:6      | Reached skill level 6 in Transmutations
  7273 | D:7      | Reached *** piety under Okawaru
  7273 | D:7      | Reached skill level 5 in Spellcasting
  7414 | D:7      | Reached skill level 1 in Ice Magic
  7469 | D:7      | Slain by a gnoll

Vault maps used:
D:1:      scummos_arrival_star, minmay_misc_feat_alley, minivault_5,
          minmay_crystal_water, hangedman_decor_opposing
D:2:      uniq_terence, uniq_jessica
D:4:      serial_undead, serial_undead_f, serial_undead_e, serial_undead_c,
          serial_undead_e, uniq_grinder
D:5:      zin_scriptorium, overflow_temple_1_default,
          minmay_temple_entry_large_hall, first_ration
D:6:      elyvilon_altar_4, uniq_menkaure, uniq_duvessa, uniq_sigmund
D:7:      enter_ossuary_5, cheibrodos_ashenzari_chains
Temple:   minmay_crystal_spiral_temple

Skill      XL: |  1  2  3  4  5  6  7  8  9 |
---------------+----------------------------+-----
Transmutations | 2 3 5 6 |  6.0
Spellcasting   | 3 5 |  5.1
Unarmed Combat | 3 4 5 |  5.1
Poison Magic   | 1 2 |  2.0
Fighting       | 3 5 |  5.0
Dodging        | 3 5 |  5.2
Armour         | 2 3 |  3.0
Invocations    | 3 |  3.2
Ice Magic      | 2 |  2.7

Action                   |  1- 3 |  4- 6 |  7- 9 || total
-------------------------+-------+-------+-------++-------
Melee: Unarmed           |   105 |   199 |   282 ||   586
       Kick              |     5 |    18 |       ||    23
       Headbutt          |     6 |     7 |       ||    13
       Punch             |     1 |     1 |       ||     2
 Cast: Beastly Appendage |    25 |    22 |       ||    47
       Spider Form       |       |     5 |    42 ||    47
  Use: Scroll            |       |     9 |     3 ||    12
 Stab: Sleeping          |     1 |       |     1 ||     2
  Eat: Chunk             |       |    10 |    18 ||    28
Armor: Robe              |    39 |    62 |    13 ||   114
       Skin              |       |     1 |    19 ||    20
Dodge: Dodged            |    77 |   158 |   261 ||   496

Table legend:
 A = Spawn XP
 B = Non-spawn XP
 C = Spawn XP percentage of total XP
 D = Spawn monster count
 E = Non-spawn monster count
 F = Spawn count percentage of total count
 G = Total turns spent on level
                    A         B        C        D         E        F      G
               +---------+---------+-------+---------+---------+-------+---------
         Total |       0 |    3915 |   0.0 |       0 |     148 |   0.0 |  7469
               +---------+---------+-------+---------+---------+-------+---------
           D:1 |       0 |      59 |   0.0 |       0 |      28 |   0.0 |   820
           D:2 |       0 |     130 |   0.0 |       0 |      27 |   0.0 |  1202
           D:3 |       0 |     151 |   0.0 |       0 |      20 |   0.0 |  1827
           D:4 |       0 |     612 |   0.0 |       0 |      21 |   0.0 |   623
           D:5 |       0 |     515 |   0.0 |       0 |      17 |   0.0 |  1079
           D:6 |       0 |    1565 |   0.0 |       0 |      25 |   0.0 |  1366
           D:7 |       0 |     883 |   0.0 |       0 |      10 |   0.0 |   301
               +---------+---------+-------+---------+---------+-------+---------
